TOP OF THE 1ST |
South Carolina Gamecocks batting - Pitching for Indiana Hoosiers : LHP Ed Miller
|
Pitching: LHP Ed Miller
|
|
Batting: RHB Rob DeWitt
|
0-0: Called Strike 0-1: SINGLE (Line Drive, 7LS)
|
Batting: RHB José Maldonado
|
0-0: Ball 1-0: Ball 2-0: Called Strike 2-1: Swinging Strike 2-2: Ball 3-2: Strikes out swinging
|
Batting: LHB Chandler Pitts
|
0-0: Called Strike 0-1: Foul Ball, location: 2F 0-2: Ball 1-2: Ball 2-2: Ball 3-2: Grounds into double play, 3-6-3 (Groundball, 3)
|
Top of the 1st over - 0 run(s), 1 hit(s), 0 error(s), 0 left on base; South Carolina 0 - Indiana 0 |
BOTTOM OF THE 1ST |
Indiana Hoosiers batting - Pitching for South Carolina Gamecocks : RHP Matt West
|
Pitching: RHP Matt West
|
|
Batting: LHB Michael Hanson
|
0-0: Fly out, F5 (Popup, 5L)
|
Batting: RHB Elwood López
|
0-0: Ball 1-0: Ground out 5-3 (Groundball, 5S)
|
Batting: RHB Will White
|
0-0: Ball 1-0: Ball 2-0: Called Strike 2-1: Ball 3-1: Fly out, F8 (Flyball, 89M)
|
Bottom of the 1st over - 0 run(s), 0 hit(s), 0 error(s), 0 left on base; South Carolina 0 - Indiana 0 |
TOP OF THE 2ND |
South Carolina Gamecocks batting - Pitching for Indiana Hoosiers : LHP Ed Miller
|
Batting: RHB Fernando Pérez
|
0-0: Called Strike 0-1: Ball 1-1: Fly out, F6 (Popup, 6D)
|
Batting: LHB Bill Walter
|
0-0: Swinging Strike 0-1: SINGLE (Groundball, 4MD)
|
Batting: SHB Ron Sims
|
0-0: Ball 1-0: Called Strike 1-1: Swinging Strike 1-2: Foul Ball, location: 2F 1-2: Foul Ball, location: 2F 1-2: Strikes out swinging
|
Batting: RHB José Martínez
|
0-0: Ball 1-0: Called Strike 1-1: Fielders Choice at 2nd, 6-4 (Groundball, 6)
|
Top of the 2nd over - 0 run(s), 1 hit(s), 0 error(s), 0 left on base; South Carolina 0 - Indiana 0 |
BOTTOM OF THE 2ND |
Indiana Hoosiers batting - Pitching for South Carolina Gamecocks : RHP Matt West
|
Batting: RHB Troy Johnson
|
0-0: SOLO HOME RUN (Flyball, 7D), Distance : 357 ft
|
Batting: RHB Phil Martin
|
0-0: Swinging Strike 0-1: Ball 1-1: Swinging Strike 1-2: Ball 2-2: Ball 3-2: Base on Balls
|
Batting: RHB Mark Cornett
|
0-0: Ball 1-0: Foul Ball, location: 2F 1-1: Swinging Strike 1-2: Foul Ball, location: 2F 1-2: Foul Ball, location: 2F 1-2: Strikes out swinging
|
Batting: RHB Carl Rollins
|
0-0: Ball 1-0: Swinging Strike 1-1: Called Strike 1-2: Strikes out swinging
|
Batting: RHB Terry Pittman
|
0-0: Called Strike 0-1: Ball 1-1: Called Strike 1-2: Ground out 4-3 (Groundball, 4M)
|
Bottom of the 2nd over - 1 run(s), 1 hit(s), 0 error(s), 1 left on base; South Carolina 0 - Indiana 1 |
TOP OF THE 3RD |
South Carolina Gamecocks batting - Pitching for Indiana Hoosiers : LHP Ed Miller
|
Batting: RHB Mason Melton
|
0-0: Called Strike 0-1: Foul Ball, location: 2F 0-2: Strikes out swinging
|
Batting: RHB Edward Green
|
0-0: Ball 1-0: Ball 2-0: Swinging Strike 2-1: SINGLE (Groundball, 56D)
|
Batting: RHB Rob DeWitt
|
0-0: Called Strike 0-1: Called Strike 0-2: SINGLE (Line Drive, 6MD) Edward Green to second
|
Batting: RHB José Maldonado
|
0-0: Called Strike 0-1: Swinging Strike 0-2: Ball 1-2: Foul Ball, location: 2F 1-2: Strikes out swinging
|
Batting: LHB Chandler Pitts
|
0-0: Ball 1-0: Foul Ball, location: 2F 1-1: Ball 2-1: Foul Ball, location: 2F 2-2: Foul Ball, location: 2F 2-2: Strikes out swinging
|
Top of the 3rd over - 0 run(s), 2 hit(s), 0 error(s), 2 left on base; South Carolina 0 - Indiana 1 |
BOTTOM OF THE 3RD |
Indiana Hoosiers batting - Pitching for South Carolina Gamecocks : RHP Matt West
|
Batting: RHB Dani Morales
|
0-0: Swinging Strike 0-1: Ball 1-1: Foul Ball, location: 2F 1-2: Foul Ball, location: 2F 1-2: Foul Ball, location: 2F 1-2: Ground out 5-3 (Groundball, 56S)
|
Batting: LHB Michael Hanson
|
0-0: Ground out 3-1 (Groundball, 34)
|
Batting: RHB Elwood López
|
0-0: Ball 1-0: Ball 2-0: Called Strike 2-1: Fly out, F7 (Flyball, 7)
|
Bottom of the 3rd over - 0 run(s), 0 hit(s), 0 error(s), 0 left on base; South Carolina 0 - Indiana 1 |
TOP OF THE 4TH |
South Carolina Gamecocks batting - Pitching for Indiana Hoosiers : LHP Ed Miller
|
Batting: RHB Fernando Pérez
|
0-0: Ball 1-0: Called Strike 1-1: Ball 2-1: Ball 3-1: Fly out, F8 (Flyball, 8LM)
|
Batting: LHB Bill Walter
|
0-0: DOUBLE (Line Drive, 9LM)
|
Batting: SHB Ron Sims
|
0-0: Ball 1-0: Ground out 6-3 (Groundball, 6)
|
Batting: RHB José Martínez
|
0-0: Fly out, F8 (Flyball, 78M)
|
Top of the 4th over - 0 run(s), 1 hit(s), 0 error(s), 1 left on base; South Carolina 0 - Indiana 1 |
BOTTOM OF THE 4TH |
Indiana Hoosiers batting - Pitching for South Carolina Gamecocks : RHP Matt West
|
Batting: RHB Will White
|
0-0: Ball 1-0: Foul Ball, location: 2F 1-1: Ground out 6-3 (Groundball, 6)
|
Batting: RHB Troy Johnson
|
0-0: Ball 1-0: Called Strike 1-1: Ball 2-1: Swinging Strike 2-2: SINGLE (Line Drive, 56)
|
Batting: RHB Phil Martin
|
0-0: Ball 1-0: Ball 2-0: Called Strike 2-1: Ball 3-1: Base on Balls Troy Johnson to second
|
Batting: RHB Mark Cornett
|
0-0: Ground out 5-3 (Groundball, 5S) Troy Johnson to third Phil Martin to second
|
Batting: RHB Carl Rollins
|
0-0: Ball 1-0: Ball 2-0: Ball 3-0: Called Strike 3-1: Base on Balls
|
Batting: RHB Terry Pittman
|
0-0: Ball 1-0: Foul Ball, location: 2F 1-1: SINGLE (Line Drive, 8LS) Troy Johnson scores Phil Martin to third Carl Rollins to second Runner from 3rd tries for Home, SAFE, no throw
|
Batting: RHB Dani Morales
|
0-0: Swinging Strike 0-1: Ball 1-1: DOUBLE (Groundball, 3L) Carl Rollins scores Terry Pittman to third
|
Batting: LHB Michael Hanson
|
0-0: Called Strike 0-1: Ball 1-1: Ball 2-1: Fly out, F9 (Flyball, 9)
|
Bottom of the 4th over - 3 run(s), 3 hit(s), 0 error(s), 2 left on base; South Carolina 0 - Indiana 4 |
TOP OF THE 5TH |
South Carolina Gamecocks batting - Pitching for Indiana Hoosiers : LHP Ed Miller
|
Batting: RHB Mason Melton
|
0-0: Called Strike 0-1: Foul Ball, location: 2F 0-2: Ball 1-2: Foul Ball, location: 2F 1-2: Ball 2-2: Foul Ball, location: 2F 2-2: Ground out U3 (Groundball, 34S)
|
Batting: RHB Edward Green
|
0-0: Ball 1-0: Ball 2-0: SINGLE (Line Drive, 78S)
|
Batting: RHB Rob DeWitt
|
0-0: Ball 1-0: Ball 2-0: Foul Ball, location: 2F 2-1: Foul Ball, location: 2F 2-2: Strikes out swinging
|
Batting: RHB José Maldonado
|
0-0: Foul Ball, location: 2F 0-1: Foul Ball, location: 2F 0-2: Strikes out swinging
|
Top of the 5th over - 0 run(s), 1 hit(s), 0 error(s), 1 left on base; South Carolina 0 - Indiana 4 |
BOTTOM OF THE 5TH |
Indiana Hoosiers batting - Pitching for South Carolina Gamecocks : RHP Matt West
|
Batting: RHB Elwood López
|
0-0: Called Strike 0-1: Ball 1-1: Ground out 5-3 (Groundball, 5S)
|
Batting: RHB Will White
|
0-0: Ball 1-0: Ball 2-0: Swinging Strike 2-1: Called Strike 2-2: Ball 3-2: Foul Ball, location: 2F 3-2: Base on Balls
|
Batting: RHB Troy Johnson
|
0-0: Ball 1-0: Foul Ball, location: 2F 1-1: Fly out, F8 (Flyball, 8RS)
|
Pitching: RHP Carlos López
|
|
Batting: RHB Phil Martin
|
0-0: Swinging Strike 0-1: Swinging Strike 0-2: SINGLE (Groundball, 34D) Will White to second Runner from 2nd tries for 3rd, SAFE, throw made to third
|
Batting: RHB Mark Cornett
|
0-0: Called Strike 0-1: Swinging Strike 0-2: Ball 1-2: Foul Ball, location: 2F 1-2: Ball 2-2: Fly out, F8 (Flyball, 8RS)
|
Bottom of the 5th over - 0 run(s), 1 hit(s), 0 error(s), 2 left on base; South Carolina 0 - Indiana 4 |
TOP OF THE 6TH |
South Carolina Gamecocks batting - Pitching for Indiana Hoosiers : LHP Ed Miller
|
Batting: LHB Chandler Pitts
|
0-0: Swinging Strike 0-1: Ball 1-1: Ball 2-1: Ball 3-1: Foul Ball, location: 2F 3-2: Strikes out looking
|
Pitching: RHP Scott Doyle
|
|
Batting: RHB Fernando Pérez
|
0-0: Ball 1-0: Foul Ball, location: 2F 1-1: Called Strike 1-2: DOUBLE (Flyball, 7)
|
Batting: LHB Bill Walter
|
0-0: Ball 1-0: Foul Ball, location: 2F 1-1: Fly out, F8 (Flyball, 89M)
|
Batting: SHB Ron Sims
|
0-0: Swinging Strike 0-1: Swinging Strike 0-2: Ball 1-2: Foul Ball, location: 2F 1-2: Strikes out swinging
|
Top of the 6th over - 0 run(s), 1 hit(s), 0 error(s), 1 left on base; South Carolina 0 - Indiana 4 |
BOTTOM OF THE 6TH |
Indiana Hoosiers batting - Pitching for South Carolina Gamecocks : RHP Carlos López
|
Batting: RHB Carl Rollins
|
0-0: Ball 1-0: Ball 2-0: Swinging Strike 2-1: Ball 3-1: Base on Balls
|
Batting: RHB Terry Pittman
|
0-0: Foul Ball, location: 2F 0-1: Ball 1-1: Ball 2-1: Ball 3-1: Called Strike 3-2: SINGLE (Groundball, 34D) Carl Rollins to second Carl Rollins to third
|
Batting: RHB Dani Morales
|
0-0: Called Strike 0-1: Foul Ball, location: 2F 0-2: Ball 1-2: Strikes out looking
|
Batting: LHB Michael Hanson
|
0-0: Ball 1-0: Ball 2-0: Called Strike 2-1: Ball 3-1: Reached on error, E5 (Groundball, 56) Carl Rollins scores Terry Pittman to second
|
Batting: RHB Elwood López
|
0-0: SINGLE (Line Drive, 56D) Terry Pittman to third Michael Hanson to second
|
Batting: RHB Will White
|
0-0: Ball 1-0: Ball 2-0: Foul Ball, location: 2F 2-1: SINGLE (Line Drive, 56D) Terry Pittman scores Michael Hanson to third Elwood López to second Runner from 3rd tries for Home, SAFE, no throw
|
Pitching: RHP Jared Thomas
|
|
Batting: RHB Troy Johnson
|
0-0: Ball 1-0: Ball 2-0: Called Strike 2-1: Ball Wild Pitch! Elwood López to third Will White to second 3-1: Swinging Strike 3-2: Base on Balls
|
Batting: RHB Phil Martin
|
0-0: Swinging Strike 0-1: Ball 1-1: Called Strike 1-2: Ball 2-2: SINGLE (Line Drive, 89S) Elwood López scores Will White to third Troy Johnson to second Runner from 3rd tries for Home, throw and OUT! Troy Johnson to third Phil Martin to second
|
Batting: RHB Mark Cornett
|
0-0: Ball 1-0: SINGLE (Groundball, 56D) Troy Johnson scores Phil Martin to third Runner from 3rd tries for Home, SAFE, no throw
|
Batting: RHB Carl Rollins
|
0-0: Foul Ball, location: 2F 0-1: Called Strike 0-2: Foul Ball, location: 2F 0-2: Ball 1-2: Strikes out looking
|
Bottom of the 6th over - 6 run(s), 5 hit(s), 1 error(s), 1 left on base; South Carolina 0 - Indiana 10 |
TOP OF THE 7TH |
South Carolina Gamecocks batting - Pitching for Indiana Hoosiers : RHP Scott Doyle
|
Batting: RHB José Martínez
|
0-0: DOUBLE (Flyball, 8LD)
|
Pinch Runner at 2nd Scott Dixon:
|
|
Batting: RHB Mason Melton
|
0-0: Ball 1-0: Fly out, F8 (Flyball, 8RM)
|
Batting: RHB Edward Green
|
0-0: Ball 1-0: Ball 2-0: Ball 3-0: Called Strike 3-1: Foul Ball, location: 2F 3-2: Foul Ball, location: 2F 3-2: Base on Balls
|
Batting: RHB Rob DeWitt
|
0-0: Fly out, F7 (Flyball, 7)
|
Batting: RHB José Maldonado
|
0-0: Called Strike 0-1: Ball 1-1: Foul Ball, location: 2F 1-2: Fielders Choice at 2nd, 6-4 (Groundball, 6)
|
Top of the 7th over - 0 run(s), 1 hit(s), 0 error(s), 1 left on base; South Carolina 0 - Indiana 10 |
BOTTOM OF THE 7TH |
Indiana Hoosiers batting - Pitching for South Carolina Gamecocks : RHP Jared Thomas
|
Now at 3B: Scott Dixon
|
|
Batting: RHB Terry Pittman
|
0-0: Swinging Strike 0-1: Swinging Strike 0-2: Ball 1-2: Ball 2-2: Ground out 6-3 (Groundball, 6)
|
Batting: RHB Dani Morales
|
0-0: Called Strike 0-1: Ball 1-1: Ball 2-1: Ball 3-1: Base on Balls
|
Batting: LHB Michael Hanson
|
0-0: Ball 1-0: Fly out, F8 (Flyball, 78M)
|
Batting: RHB Elwood López
|
0-0: Foul Ball, location: 2F 0-1: Ball 1-1: Called Strike 1-2: Ball 2-2: 2-RUN HOME RUN (Flyball, 7D), Distance : 350 ft
|
Pitching: RHP Miguel Martínez
|
|
Batting: RHB Will White
|
0-0: SINGLE (Flyball, 8LS)
|
Batting: RHB Troy Johnson
|
0-0: Fly out, F4 (Line Drive, 4M)
|
Bottom of the 7th over - 2 run(s), 2 hit(s), 0 error(s), 1 left on base; South Carolina 0 - Indiana 12 |
TOP OF THE 8TH |
South Carolina Gamecocks batting - Pitching for Indiana Hoosiers : RHP Scott Doyle
|
Now at 1B: Kevin Hale
|
|
Now in RF: Palmer Frazier
|
|
Batting: LHB Chandler Pitts
|
0-0: Foul Ball, location: 2F 0-1: Foul Ball, location: 2F 0-2: Ball 1-2: Fly out, F3 (Popup, 3L)
|
Batting: RHB Fernando Pérez
|
0-0: Ball 1-0: Ball 2-0: Foul Ball, location: 2F 2-1: Ball 3-1: Swinging Strike 3-2: Base on Balls
|
Batting: LHB Bill Walter
|
0-0: Ball 1-0: Ball 2-0: Called Strike 2-1: Foul Ball, location: 2F 2-2: Grounds into double play, 3-6-1 (Groundball, 34)
|
Top of the 8th over - 0 run(s), 0 hit(s), 0 error(s), 0 left on base; South Carolina 0 - Indiana 12 |
BOTTOM OF THE 8TH |
Indiana Hoosiers batting - Pitching for South Carolina Gamecocks : RHP Miguel Martínez
|
Batting: RHB Phil Martin
|
0-0: Ball 1-0: Called Strike 1-1: Swinging Strike 1-2: Ball 2-2: SINGLE (Groundball, 6D)
|
Batting: RHB Mark Cornett
|
0-0: Ball 1-0: Ball 2-0: Ball 3-0: Base on Balls Phil Martin to second
|
Batting: RHB Carl Rollins
|
0-0: Grounds into double play, 6-4-3 (Groundball, 6) Phil Martin to third
|
Batting: RHB Terry Pittman
|
0-0: Called Strike 0-1: Ball 1-1: Foul Ball, location: 2F 1-2: SINGLE (Line Drive, 56D) Phil Martin scores
|
Batting: RHB Dani Morales
|
0-0: Ball 1-0: SINGLE (Groundball, 6MD) Terry Pittman to second
|
Batting: RHB Palmer Frazier
|
0-0: Called Strike 0-1: Ball 1-1: Ball 2-1: Ball 3-1: SINGLE (Flyball, 8RS) Terry Pittman to third Dani Morales to second
|
Batting: RHB Kevin Hale
|
0-0: Ball 1-0: Ball 2-0: Called Strike 2-1: Foul Ball, location: 2F 2-2: Ball 3-2: Base on Balls Terry Pittman scores Dani Morales to third Palmer Frazier to second
|
Batting: RHB Will White
|
0-0: Foul Ball, location: 2F 0-1: Ball 1-1: Swinging Strike 1-2: Foul Ball, location: 2F 1-2: Strikes out swinging
|
Bottom of the 8th over - 2 run(s), 4 hit(s), 0 error(s), 3 left on base; South Carolina 0 - Indiana 14 |
TOP OF THE 9TH |
South Carolina Gamecocks batting - Pitching for Indiana Hoosiers : RHP Scott Doyle
|
Batting: SHB Ron Sims
|
0-0: SINGLE (Groundball, 56D)
|
Batting: RHB Scott Dixon
|
0-0: Called Strike 0-1: Swinging Strike 0-2: Grounds into double play, 4-6-3 (Groundball, 4D)
|
Batting: RHB Mason Melton
|
0-0: Ball 1-0: Ball 2-0: Called Strike 2-1: Ball 3-1: Base on Balls
|
Batting: RHB Edward Green
|
0-0: Foul Ball, location: 2F 0-1: Called Strike 0-2: Ball 1-2: Fly out, F9 (Flyball, 89M)
|
Top of the 9th over - 0 run(s), 1 hit(s), 0 error(s), 1 left on base; South Carolina 0 - Indiana 14 |
|